 Dungeon Crawl Stone Soup version 0.31-a0-133-gaae73658be (webtiles) character file.

Game seed: 5626384352829556421

6575 olmar the Basher (level 11, -1/67 HPs)
             Began as a Gargoyle Fighter on May 4, 2023.
             Was an Initiate of Gozag.
             Slain by a wyvern (2 damage)
             ... on level 1 of the Lair of Beasts on June 2, 2023.
             The game lasted 00:14:28 (8592 turns).

olmar the Basher (Gargoyle Fighter)                 Turns: 8592, Time: 00:14:29

Health: -1/67      AC: 16    Str: 25    XL:     11   Next: 1%
Magic:  11/11      EV: 11    Int:  8    God:    Gozag
Gold:   451        SH:  6    Dex: 15    Spells: 10/10 levels left

rFire   . . .        r - +2 whip (vamp)
rCold   . . .        c - +0 buckler
rNeg    + . .        b - +0 scale mail
rPois   ∞            (no helmet)
rElec   +            (no cloak)
rCorr   .            (no gloves)
SInv    .            (no boots)
Will    .....        (no amulet)
Stlth   ++           w - +6 ring of dexterity
HPRegen 0.31/turn    (no ring)
MPRegen 0.12/turn

%: no passive effects
@: no status effects
A: sickness immunity, AC +8, negative energy resistance 1, electricity
resistance, torment resistance 1, petrification resistance
a: Renounce Religion, Potion Petition, Call Merchant, Bribe Branch


You were on level 1 of the Lair of Beasts.
You worshipped Gozag.
Gozag was aware of your devotion.
You visited 2 branches of the dungeon, and saw 10 of its levels.
You also visited: Ossuary.

You collected 1315 gold pieces.
You spent 165 gold pieces at shops.
You paid 699 gold pieces to Gozag.

Inventory:

Hand Weapons
 a - a +1 flail
 e - a +0 morningstar
 r - a +2 vampiric whip (weapon)
Missiles
 h - 7 poisoned darts (quivered)
Armour
 b - a +0 scale mail (worn)
 c - a +0 buckler (worn)
Jewellery
 w - a +6 ring of dexterity (left hand)
 F - a ring of flight
Wands
 v - a wand of flame (26)
Scrolls
 g - 2 scrolls of amnesia
 j - 5 scrolls of enchant weapon
 k - 6 scrolls of teleportation
 l - a scroll of blinking
 m - a scroll of poison
 q - 2 scrolls of fog {unknown}
 s - 2 scrolls of noise {unknown}
 x - a scroll of enchant armour {unknown}
 z - a scroll of vulnerability {unknown}
 B - a scroll of immolation {unknown}
 D - 2 scrolls of identify
Potions
 d - a potion of might
 f - 3 potions of brilliance
 i - a potion of enlightenment
 n - a potion of haste
 o - 7 potions of curing
 t - 3 potions of attraction {unknown}
 u - 2 potions of cancellation {unknown}
 C - 2 potions of resistance
 E - a potion of mutation {unknown}
 G - a potion of heal wounds


   Skills:
 + Level 7.6 Fighting
 + Level 9.9 Maces & Flails
 + Level 8.1 Armour
 + Level 3.8 Dodging
 + Level 6.4 Stealth
 + Level 7.2 Shields
 + Level 1.3 Evocations


You had 10 spell levels left.
You didn't know any spells.
Your spell library contained the following spells:

 Spells                   Type           Power      Damage    Failure   Level
 Apportation              Tloc           0%         N/A       71%         1
 Necrotise                Necr           0%         1d4       71%         1
 Summon Small Mammal      Summ           0%         N/A       71%         1
 Portal Projectile        Hex/Tloc       0%         N/A       97%         3
 Tukima's Dance           Hex            0%         N/A       97%         3
 Blade Hands              Tmut           0%         N/A       100%        5


Dungeon Overview and Level Annotations

Branches:
Dungeon (9/15)             Temple (0/1) D:7            Lair (1/5) D:9
Ossuary (visited)
    Orc: D:9-12

Altars:
Dithmenos
Elyvilon
Gozag
Makhleb
Nemelex Xobeh
Qazlal
Ru
Sif Muna
Trog
Vehumet
Wu Jian
Zin

Shops:
D:7 *

Annotations:
D:8 exclusion: ice statue


Innate Abilities, Weirdness & Mutations

You are immune to sickness and miasma.
Your stone body is resilient. (AC +8)
You are immune to poison.
You resist negative energy. (rN+)
You are resistant to electric shocks. (rElec)
You are resistant to unholy torment.
You are immune to petrification.


Message History

g - Guard the area. f - Follow me.
Anything else - Cancel.
You shout for attention!
You block the bullfrog's attack. You block the water moccasin's attack.
The yak gores you!
* * * LOW HITPOINT WARNING * * *
The yak gores you but does no damage. The wyvern completely misses you.
Unknown command.
What are your orders? t - Shout!
Orders for allies: a - Attack new target. r - Retreat! s - Stop attacking. g - Guard the area. f - Follow me.
Anything else - Cancel.
You shout for attention!
The bullfrog hits you.
* * * LOW HITPOINT WARNING * * *
The water moccasin bites you.
* * * LOW HITPOINT WARNING * * *
The wyvern bites you.
* * * LOW HITPOINT WARNING * * *
The yak closely misses you. The yak gores you but does no damage.
You block the bullfrog's attack.
The water moccasin completely misses you.
You block the wyvern's attack. What are your orders? t - Shout!
Orders for allies: a - Attack new target. r - Retreat! s - Stop attacking. g - Guard the area. f - Follow me.
Anything else - Cancel.
You shout for attention!
The bullfrog hits you but does no damage.
The yak gores you.
* * * LOW HITPOINT WARNING * * *
The yak gores you but does no damage. The yak barely misses you.
The water moccasin bites you but does no damage.
The wyvern bites you.
You die...
Your body crumbles into a pile of gold.

## . ... .#
.#.P.### .......
####.#.$.# ..Y.
...#
#.#####Y##..#
......YY@S.###
######.lFY.P.##P
.......Y.......
............###
#####.......#
#...[..###
##.....#
###....## ##
###..#...# ...


You could see 6 yaks, a water moccasin, a wyvern and a bullfrog.

Vanquished Creatures
  A two-headed ogre (D:8)
  A kobold demonologist (D:9)
  2 hornets
  Prince Ribbit (D:7)
  7 yaks (D:9)
  A steam dragon (D:7)
  Menkaure (D:7)
  An acid dragon (D:9)
  Duvessa (D:5)
  2 orc warriors
  An ice beast (D:6)
  A sky beast (D:6)
  2 black bears
  3 centaurs
  A phantom (D:5)
  A kobold brigand (D:6)
  2 bullfrogs
  2 gnoll sergeants
  4 scorpions
  7 water moccasin zombies (Ossuary)
  Dowan (D:5)
  4 wights (D:7)
  15 killer bees
  3 electric eels (D:6)
  A howler monkey (D:8)
  A hound (D:5)
  A gnoll bouda (D:7)
  2 human zombies (D:6)
  An orc priest (D:6)
  Natasha (thrice) (D:2)
  5 iguanas
  3 orc wizards
  3 human skeletons (D:6)
  2 mummies (Ossuary)
  10 gnolls
  6 adders
  A shadow imp (D:7)
  2 white imps
  2 ufetubi
  5 adder zombies (Ossuary)
  3 dart slugs
  21 orcs
  7 ball pythons
  8 endoplasms
  A giant cockroach (D:4)
  2 gnoll zombies (Ossuary)
  9 goblins
  3 hobgoblins
  A quokka (D:3)
  7 bats
  A frilled lizard (D:1)
  6 hobgoblin zombies (Ossuary)
  7 kobolds
  3 kobold zombies (Ossuary)
  7 orc zombies
  9 rats
208 creatures vanquished.

Notes
Turn   | Place    | Note
-------+----------+-------------------------------------------
     0 | D:1      | olmar the Gargoyle Fighter began the quest for the Orb.
     0 | D:1      | Reached XP level 1. HP: 14/14 MP: 1/1
   280 | D:1      | Reached XP level 2. HP: 19/19 MP: 2/2
   694 | D:1      | Reached XP level 3. HP: 24/24 MP: 3/3
   808 | D:2      | Identified the +1 robe of Zejiqeov {Dex+3}
  1074 | D:2      | Noticed Natasha
  1090 | D:2      | Killed Natasha
  1091 | D:2      | Reached XP level 4. HP: 15/29 MP: 4/4
  1182 | D:2      | Noticed Natasha
  1186 | D:2      | Killed Natasha
  1193 | D:2      | Noticed Natasha
  1200 | D:2      | Killed Natasha
  1201 | D:2      | Reached skill level 1 in Dodging
  1295 | D:3      | Reached XP level 5. HP: 16/33 MP: 5/5
  1458 | D:3      | Reached skill level 3 in Maces & Flails
  1530 | D:3      | Found a radiant altar of Vehumet.
  1562 | D:3      | You fall into a shaft and drop 3 floors!
  1668 | D:6      | Found a sand-covered staircase.
  1680 | D:6      | Reached XP level 6. HP: 31/39 MP: 6/6
  1682 | Ossuary  | Entered an ossuary
  1823 | Ossuary  | Reached skill level 4 in Maces & Flails
  1968 | Ossuary  | Reached XP level 7. HP: 31/44 MP: 7/7
  1986 | Ossuary  | Reached skill level 5 in Fighting
  2127 | Ossuary  | Reached skill level 5 in Maces & Flails
  2297 | D:5      | Entered Level 5 of the Dungeon
  2602 | D:3      | Found a shimmering blue altar of Sif Muna.
  3031 | D:4      | Found an opulent altar of Gozag.
  3036 | D:4      | Reached XP level 8. HP: 49/49 MP: 8/8
  3061 | D:4      | Became a worshipper of Gozag Ym Sagoz the Greedy
  3291 | D:4      | Found a stormy altar of Qazlal.
  3313 | D:4      | Reached skill level 6 in Maces & Flails
  3313 | D:4      | Reached skill level 5 in Armour
  3587 | D:5      | Found a burning altar of Makhleb.
  3639 | D:5      | Reached skill level 5 in Shields
  3729 | D:5      | Found a white marble altar of Elyvilon.
  4010 | D:5      | Noticed Duvessa
  4010 | D:5      | Noticed Dowan
  4040 | D:5      | Killed Duvessa
  4044 | D:5      | Killed Dowan
  4326 | D:5      | Reached skill level 7 in Maces & Flails
  4467 | D:5      | Reached skill level 1 in Stealth
  4479 | D:5      | Reached XP level 9. HP: 27/55 MP: 9/9
  4670 | D:6      | Noticed a hornet
  5070 | D:6      | Identified the +1 robe "Iliseo" {rN+ Int-4 Dex+4}
  5361 | D:6      | Killed a hornet
  5424 | D:6      | Reached skill level 1 in Evocations
  5892 | D:7      | Reached skill level 8 in Maces & Flails
  6033 | D:7      | Found Enwaomye's General Store.
  6041 | D:7      | Bought a potion of resistance for 110 gold pieces
  6041 | D:7      | Bought a scroll of teleportation for 33 gold pieces
  6041 | D:7      | Bought a scroll of identify for 22 gold pieces
  6101 | D:7      | Found a staircase to the Ecumenical Temple.
  6163 | D:7      | Found a shadowy altar of Dithmenos.
  6576 | D:7      | Noticed Menkaure
  6583 | D:7      | Killed Menkaure
  6584 | D:7      | Found a sparkling altar of Nemelex Xobeh.
  6683 | D:7      | Noticed Prince Ribbit
  6701 | D:7      | Killed Prince Ribbit
  6702 | D:7      | Reached XP level 10. HP: 43/61 MP: 10/10
  6999 | D:8      | Found an ornate altar of the Wu Jian Council.
  7000 | D:8      | Found a glowing silver altar of Zin.
  7088 | D:8      | Noticed a two-headed ogre
  7460 | D:8      | Noticed an ice statue
  7485 | D:8      | Killed a two-headed ogre
  7486 | D:8      | Reached skill level 9 in Maces & Flails
  7486 | D:8      | Reached skill level 5 in Stealth
  7743 | D:9      | Noticed a kobold demonologist
  7778 | D:9      | Killed a kobold demonologist
  7786 | D:9      | Found a staircase to the Lair.
  8221 | D:9      | Found a sacrificial altar of Ru.
  8359 | D:9      | Found a bloodstained altar of Trog.
  8446 | D:9      | Reached XP level 11. HP: 60/67 MP: 11/11
  8482 | D:9      | Noticed a five-headed hydra
  8514 | Lair:1   | Entered Level 1 of the Lair of Beasts
  8515 | Lair:1   | Upgraded the game from 0.31-a0-4-gefa6de2278 to
                  | 0.31-a0-128-g25add195a6
  8515 | Lair:1   | Upgraded the game from 0.31-a0-128-g25add195a6 to
                  | 0.31-a0-133-gaae73658be
  8520 | Lair:1   | Identified the +0 falchion "Uwaget" {heavy, rElec Int-2
                  | Dex+3}
  8591 | Lair:1   | HP: 2/67 [wyvern (3)]
  8592 | Lair:1   | Slain by a wyvern

Illustrated notes

Levels and vault maps discovered:
D:1:      dpeg_arrival_water_temple_mockup, layout_loops_ring,
          dreamdust_wishing_well, dreamdust_mushroom_princess
D:2:      layout_rooms, uniq_natasha
D:3:      layout_rooms, nicolae_vehumet_altar_sigil,
          nicolae_sif_muna_condensation
D:4:      wander_river, layout_basic, mainiacjoe_overflow_brackets,
          mainiacjoe_overflow_concentric_impassable
D:5:      lemuel_ice_spiral_2, layout_basic, elyvilon_altar_4, bloody_makhleb,
          minmay_starry_boxes, uniq_duvessa
D:6:      layout_basic, serial_bayou, serial_bayou_shore_a,
          serial_bayou_shore_b, serial_bayou_crossing, serial_bayou_pond_b,
          nicolae_ossuary_entry_catacombs, serial_bayou_lagoon_b
D:7:      layout_cave_pods, old_standard_altar, kennysheep_little_box,
          minmay_temple_entry_statues_fountains, serial_shops, shop,
          uniq_menkaure, uniq_prince_ribbit1
D:8:      minmay_statue_hallways, layout_rooms,
          mainiacjoe_overflow_small_starburst,
          mainiacjoe_overflow_cross_hatched, kennysheep_donut
D:9:      minmay_the_grid_3x2 [minmay_the_grid_garden,
          minmay_the_grid_diamond_grid, minmay_the_grid_broken_lines,
          minmay_the_grid_tiny_cups, minmay_the_grid_plusring,
          minmay_the_grid_prize_four_corners], layout_rooms, lemuel_round_altar,
          mainiacjoe_overflow_alcove_2, lemuel_round_altar, tso_metal_star,
          fedhas_altar_3, mainiacjoe_overflow_catwalk
Lair:1:   statuecave_lemuel, layout_loops_ring

Skill      XL: |  1  2  3  4  5  6  7  8  9 10 |
---------------+-------------------------------+-----
Shields        | 4 5 6 7 |  7.2
Dodging        | 1 2 3 |  3.8
Armour         | 4 6 7 8 |  8.1
Maces & Flails | 3 4 5 7 8 9 |  9.9
Fighting       | 4 5 6 7 |  7.6
Stealth        | 1 4 6 |  6.4
Evocations     | 1 |  1.3

Action                     |  1- 3 |  4- 6 |  7- 9 | 10-12 || total
---------------------------+-------+-------+-------+-------++-------
  Melee: Flail             |    77 |   239 |   431 |       ||   747
         Whip              |       |       |    63 |   391 ||   454
  Throw: Dart              |       |       |       |     1 ||     1
 Invoke: Potion Petition   |       |       |       |     1 ||     1
  Evoke: Wand              |       |       |    18 |     1 ||    19
    Use: Scroll            |       |     4 |     8 |       ||    12
         Potion            |       |     2 |     6 |     3 ||    11
   Stab: Paralysed         |       |       |    20 |       ||    20
         Sleeping          |       |       |     1 |     1 ||     2
         Invisible         |       |       |       |    16 ||    16
 Armour: Scale mail        |    52 |   133 |   227 |   126 ||   538
         Skin              |       |       |    17 |       ||    17
  Dodge: Dodged            |    42 |   117 |   211 |   189 ||   559
  Block: Buckler           |    14 |    61 |   113 |   129 ||   317

Table legend: (Time is in decaauts)
 A = Elapsed time spent in this place.
 B = Non-inter-level travel time spent in this place.
 C = Inter-level travel time spent in this place.
 D = Time resting spent in this place.
 E = Time spent auto-exploring this place.
 F = Levels seen in this place.
 G = Mean time per level.
                   A        B        C        D        E       F      G
               +--------+--------+--------+--------+--------+-----+--------+
         Total |   8686 |   8415 |    271 |    647 |   5526 |  11 |  789.6 |
       Dungeon |   8004 |   7734 |    270 |    466 |   5315 |   9 |  889.3 |
          Lair |     77 |     77 |      0 |      0 |     50 |   1 |   77.0 |
       Ossuary |    604 |    604 |      0 |    181 |    161 |   1 |  604.0 |
               +--------+--------+--------+--------+--------+-----+--------+

Top non-repeatable levels by time:
     D:6: 1312 daAuts
     D:7: 1165 daAuts
     D:5: 1153 daAuts
     D:4: 1002 daAuts
     D:1: 784 daAuts
     D:8: 744 daAuts
     D:9: 687 daAuts
     D:3: 614 daAuts
 Ossuary: 604 daAuts
     D:2: 539 daAuts
  Lair:1: 77 daAuts
